cohdb
Replays
Latest Replays
All Replays
Popular Replays
Top Player Replays
Match Explorer
How It Works
Community
CoH3 Stats
Reddit
Sign in to upload your games and track your stats! →
Sign in with Steam
Match 43064910
Unlisted
Match 43064910
Overview
Messages
Build Orders
End
Construct Barracks
Engineer Squad
Riflemen Squad
M1 Mortar Team
Riflemen Squad
Riflemen Squad
Air Support Center
P-47 Strafing Run
Construct Motor Pool
M24 Chaffee Light Tank
P-47 Strafing Run
Construct Medical Station
M1918 Browning Automatic Rifles
Riflemen Squad
Selects Armored Battlegroup
Selects Armored Battlegroup
Selects Fast Deploy
Selects M8 Scott SPG
M8 Scott SPG
M1 Anti-tank Gun Team
P-47 Strafing Run
P-47 Dive Bomb
XuZhongwei
legendairy_cow
0
0
Comments
sign in to comment!
No comments posted yet!